 Dungeon Crawl Stone Soup version 0.15-a0-2102-gacb6860 (webtiles) character file.

234 KaKa the Slinger (level 6, 0/37 HPs)
             Began as a Halfling Hunter on July 15, 2014.
             Was a Follower of Zin.
             Killed from afar by an orc wizard (4 damage)
             ... with a magic dart
             ... on Level 4 of the Dungeon.
             The game lasted 00:13:39 (2573 turns).

KaKa the Slinger (Halfling Hunter)                  Turns: 2573, Time: 00:13:40

HP   0/37        AC  4     Str 12      XL: 6   Next: 26%
MP   6/6         EV 12     Int 11      God: Zin [*.....]
Gold 117         SH  8     Dex 16      Spells:  0 memorised,  5 levels left

rFire  . . .     SeeInvis .     v - +0 hunting sling (curse)
rCold  + . .     Clarity  .     d - +0 leather armour
rNeg   + + .     rCorr    .     y - +3 buckler
rPois  .         rRot     .     (no helmet)
rElec  .         Spirit   .     (no cloak)
SustAb .         Warding  +     (no gloves)
rMut   .         Stasis   .     u - +0 pair of boots
Gourm  .                        e - amulet of warding
MR     .....                    x - ring of positive energy
                                p - ring of protection from cold

@: lethally poisoned, slowed, very slow, not resistant to hostile enchantments,
unstealthy
A: mutation resistance 1
a: Recite, Renounce Religion


You were on level 4 of the Dungeon.
You worshipped Zin.
Zin was aware of your devotion.
You were not hungry.

You visited 1 branch of the dungeon, and saw 4 of its levels.

You collected 129 gold pieces.
You donated 12 gold pieces to Zin.

Inventory:

Hand weapons
 a - a +0 short sword
 b - a +1 hunting sling
 n - a +0 whip
 v - a cursed +0 hunting sling (weapon)
Missiles
 c - 25 sling bullets
 i - 5 stones (quivered)
 w - 3 tomahawks
Armour
 d - a +0 leather armour (worn)
 u - a +0 pair of boots (worn)
 y - a +3 buckler (worn)
Comestibles
 f - 3 bread rations
Scrolls
 h - 2 scrolls of enchant armour
 s - 2 scrolls of identify
Jewellery
 e - an amulet of warding (around neck)
 p - a ring of protection from cold (left hand)
 x - a ring of positive energy (right hand)
Potions
 j - 3 potions of agility
 k - a potion of beneficial mutation
 o - a potion of porridge


   Skills:
 - Level 0.8 Fighting
 + Level 9.7 Slings
 - Level 2.1 Dodging
 - Level 1.0 Stealth
 + Level 2.0 Shields


You had 5 spell levels left.
You didn't know any spells.

Dungeon Overview and Level Annotations

Branches:
Dungeon (4/15)
 Temple: D:4-7

Altars:
Cheibriados
Elyvilon
Fedhas
Gozag
Makhleb
Sif Muna
Trog
Xom
Yredelemnul
Zin

Annotations:
D:4 catsarecewl's ghost, experienced GrEE


Innate Abilities, Weirdness & Mutations

You are small and have problems with some larger weapons.
You are somewhat resistant to further mutation.


Message History

You feel fantastic for a moment.
It was a potion of beneficial mutation.
You block the orc wizard's attack. The orc wizard barely misses you.
Firing (i - inventory. (,) - cycle):
i - 6 stones (quivered)
Press: ? - help, Shift-Dir - straight line, f/p - orc wizard
Aim: an orc wizard, wielding a glowing dagger and wearing a robe (severely wounded, fast)
You shoot a stone.
The stone hits the orc wizard but does no damage.
The orc wizard is severely wounded.
The orc wizard hits you with a glowing dagger.
* * * LOW HITPOINT WARNING * * *
You block the orc wizard's attack.
Drink which item? (? for menu, Esc to quit)
That liquid tasted very nasty...
You are lethally poisoned!
It was a potion of poison.
* * * LOW HITPOINT WARNING * * *
You feel sick. You block the orc wizard's attack.
The orc wizard points at you and mumbles some strange words.
The magic dart hits you!
You die...

........# .#...##.######
#............################
.#...##.##.....(............#
...#..#.##.#)###.####.#####.#
..###.#.##.#<# #.# #.# #>#
.>.#..#.##.#.# #.# #.# #.#
.....##.##.#.# #[# #.# #.#
..(####....#.###@# #.#####.#
...#######(((([o(# #.....#.#
......§o$..#.##### #####.#.#
#..######...(...# #.....# #..#
#.#####.#######.###.#####
...######.# #.........# #......
##........# #..######.###.##.##
########.# ##.## #.....##.#
#########.####..#######.#.#.##.#


You could see an orc wizard.

Vanquished Creatures
  A giant frog (D:3)
  2 orc wizards (D:4)
  An ogre skeleton (D:4)
  3 adders
  2 worms (D:2)
  3 giant geckos
  2 oozes
  5 orcs
  2 ball pythons
  2 giant cockroaches
  4 goblins
  9 hobgoblins
  3 jackals (D:3)
  10 kobolds
  A quokka (D:3)
  8 bats
  A giant newt (D:2)
  8 rats
67 creatures vanquished.

Notes
Turn   | Place    | Note
--------------------------------------------------------------
     0 | D:1      | KaKa, the Halfling Hunter, began the quest for the Orb.
     0 | D:1      | Reached XP level 1. HP: 12/12 MP: 1/1
    10 | D:1      | Reached skill level 6 in Slings
   143 | D:1      | Reached XP level 2. HP: 18/18 MP: 2/2
   407 | D:1      | Reached skill level 7 in Slings
   407 | D:1      | Reached XP level 3. HP: 22/22 MP: 3/3
   783 | D:2      | Found a glowing silver altar of Zin.
   785 | D:2      | Found a bloodstained altar of Trog.
   786 | D:2      | Found a shimmering altar of Xom.
   786 | D:2      | Found a snail-covered altar of Cheibriados.
   788 | D:2      | Found a white marble altar of Elyvilon.
   792 | D:2      | Found a basalt altar of Yredelemnul.
   805 | D:2      | Became a worshipper of Zin the Law-Giver
   942 | D:2      | Reached XP level 4. HP: 24/27 MP: 4/4
   997 | D:2      | Found a deep blue altar of Sif Muna.
  1023 | D:2      | Found an opulent altar of Gozag.
  1027 | D:2      | Found a blossoming altar of Fedhas.
  1355 | D:3      | Reached skill level 8 in Slings
  1370 | D:3      | Acquired Zin's first power
  1576 | D:3      | Noticed a giant frog
  1580 | D:3      | Killed a giant frog
  1580 | D:3      | Reached skill level 9 in Slings
  1580 | D:3      | Reached XP level 5. HP: 32/32 MP: 5/5
  1825 | D:3      | Found a burning altar of Makhleb.
  2331 | D:4      | Noticed catsarecewl's ghost (experienced GrEE)
  2334 | D:4      | Zin protects you from harm!
  2506 | D:4      | Reached skill level 1 in Shields
  2535 | D:4      | Reached XP level 6. HP: 26/37 MP: 6/6
  2573 | D:4      | Killed from afar by an orc wizard

Action                   |  1- 3 |  4- 6 || total
-------------------------+-------+-------++-------
Melee: Short sword       |    39 |       ||    39
       Whip              |       |     2 ||     2
 Fire: Hunting sling     |    89 |   150 ||   239
  Use: Scroll            |       |     7 ||     7
       Potion            |       |     2 ||     2
  Eat: Chunk             |       |     3 ||     3
       Bread ration      |       |     1 ||     1
